 Dungeon Crawl Stone Soup version 0.18.1-48-g4cf74bf (webtiles) character file.

65 MaCx the Magician (level 4, -2/24 HPs)
             Began as a Gargoyle Wizard on Aug 29, 2016.
             Slain by a wight
             ... wielding a +0 halberd of chopping
              (3 damage)
             ... on level 4 of the Dungeon.
             The game lasted 00:24:13 (3452 turns).

MaCx the Magician (Gargoyle Wizard)                 Turns: 3452, Time: 00:24:13

Health: -2/24      AC:  5    Str: 10    XL:     4   Next: 13%
Magic:  9/9        EV: 11    Int: 20    God:
Gold:   75         SH:  0    Dex:  8    Spells: 3 memorised, 3 levels left

rFire  . . .     SeeInvis .     l - +0 whip
rCold  . . .     Gourm    +     a - +0 robe
rNeg   + . .     Faith    .     (no shield)
rPois  ∞         Spirit   .     b - +0 hat
rElec  +         Dismiss  .     (no cloak)
rCorr  .         Reflect  .     (no gloves)
SustAt .         Harm     .     (no boots)
MR     .....                    q - amulet of the gourmand
Stlth  ++........               (no ring)
                                (no ring)

@: not resistant to hostile enchantments, unstealthy
A: negative energy resistance 1, electricity resistance, unbreathing,
petrification resistance, rot immunity, AC +3
a: no special abilities


You were on level 4 of the Dungeon.
You were very full.

You visited 1 branch of the dungeon, and saw 4 of its levels.

You collected 75 gold pieces.

Inventory:

Hand Weapons
 l - a +0 whip (weapon)
Missiles
 f - 61 stones (quivered)
Armour
 a - a +0 robe (worn)
 b - a +0 hat (worn)
Jewellery
 q - an amulet of the gourmand (around neck)
Scrolls
 i - a scroll of magic mapping
 j - a scroll of remove curse {unknown}
 k - 2 scrolls of teleportation {unknown}
 r - a scroll of identify
 s - 2 scrolls of fog {unknown}
 t - a scroll of enchant weapon {unknown}
 u - a scroll of immolation {unknown}
 v - a scroll of random uselessness {unknown}
Potions
 e - 2 potions of heal wounds {unknown}
 g - a potion of beneficial mutation {unknown}
 m - a potion of agility {unknown}
 n - a potion of degeneration {unknown}
 o - 3 potions of curing
 p - a potion of ambrosia {unknown}
Books
 c - a book of Minor Magic

   Spells                             Type                      Level
   a - Magic Dart                     Conjuration                  1
   b - Blink                          Translocation                2
   c - Call Imp                       Summoning                    2
   d - Repel Missiles                 Charms/Air                   2
   e - Slow                           Hexes                        2
   f - Conjure Flame                  Conjuration/Fire             3
   g - Mephitic Cloud                 Conjuration/Poison/Air       3
Comestibles
 d - a bread ration
 h - 6 fruits


   Skills:
 - Level 1.5 Dodging
 - Level 2.1 Stealth
 + Level 3.5 Spellcasting
 + Level 3.4 Conjurations
   Level 0.8 Summonings
   Level 0.8 Translocations


You had 3 spell levels left.
You knew the following spells:

 Your Spells              Type           Power        Failure   Level  Hunger
a - Magic Dart            Conj           ###.         3%          1    None
b - Conjure Flame         Conj/Fire      ##......     21%         3    ###....
c - Mephitic Cloud        Conj/Pois/Air  #.......     24%         3    ###....


Dungeon Overview and Level Annotations

Branches:
Dungeon (4/15)
 Temple: D:4-7

Altars:

Annotations:
D:1 exclusion: downstairs
D:2 Sigmund
D:3 Gargoyl's ghost, amateur DsAK


Innate Abilities, Weirdness & Mutations

You are resistant to torment.
Your stone body is resilient (AC +3).
You are immune to poison.
You resist negative energy.
You are resistant to electric shocks.
You can survive without breathing.
You are immune to petrification.
You are immune to rotting.


Message History

You kill the orc!
You start resting.
Magic restored.
A wight comes into view. It is wielding a halberd of chopping.
The wight moves out of view.
A wight comes into view. It is wielding an enchanted battleaxe.
You see here a flail.
Casting: Magic Dart
Confirm with . or Enter, or press ? or * to list all spells.
Aiming: Magic Dart
Press: ? - help, Shift-Dir - straight line, f - wight
Aim: a wight, wielding an enchanted battleaxe and wearing a robe (hasn't noticed you)
The magic dart hits the wight.
A wight comes into view. It is wielding an enchanted spear.
The wight hits you with a halberd of chopping!
Ouch! That really hurt!
You hit the wight but do no damage.
The wight hits you with a halberd of chopping!
* * * LOW HITPOINT WARNING * * *
You die...

##..###
###...#
##....##
#..#..<#
#.)###.#
####..# ..#
#....z#.###
#.##.z#. #
##.@# #...#
#####


You could see 2 wights.

Vanquished Creatures
  An ooze (D:3)
  3 dart slugs
  2 giant geckos
  3 orcs
  A giant cockroach (D:2)
  6 hobgoblins
  4 jackals
  6 kobolds
  3 ball pythons
  5 bats
  A giant newt (D:1)
  7 goblins
  5 rats
47 creatures vanquished.

Notes
Turn   | Place    | Note
--------------------------------------------------------------
     0 | D:1      | MaCx the Gargoyle Wizard began the quest for the Orb.
     0 | D:1      | Reached XP level 1. HP: 10/10 MP: 4/4
   462 | D:1      | Reached XP level 2. HP: 15/15 MP: 0/6
  1390 | D:2      | Noticed Sigmund
  1489 | D:2      | Reached XP level 3. HP: 19/19 MP: 1/7
  1822 | D:2      | Learned a level 3 spell: Conjure Flame
  1826 | D:2      | Learned a level 3 spell: Mephitic Cloud
  2994 | D:3      | Reached XP level 4. HP: 24/24 MP: 6/9
  3072 | D:3      | Noticed Gargoyl's ghost (amateur DsAK)
  3452 | D:4      | HP: 1/24 [wight/halberd of chopping (9)]
  3452 | D:4      | Slain by a wight

Skill      XL: |  1  2  3 |
---------------+----------+-----
Conjurations   | 2 3 |  3.4
Dodging        | |  1.5
Stealth        | |  2.1
Spellcasting   | |  3.5
Summonings     | |  0.8
Translocations | |  0.8

Action                   |  1- 3 |  4- 6 || total
-------------------------+-------+-------++-------
Melee: Unarmed           |     6 |       ||     6
       Whip              |    21 |     1 ||    22
Throw: Stone             |    11 |     1 ||    12
 Cast: Magic Dart        |    84 |    12 ||    96
       Mephitic Cloud    |     3 |     2 ||     5
       Conjure Flame     |     1 |     1 ||     2
  Use: Scroll            |     2 |       ||     2
 Stab: Confused          |     1 |       ||     1
  Eat: Chunk             |    17 |       ||    17
       Fruit             |     1 |       ||     1
Armor: Robe              |    28 |       ||    28
Dodge: Dodged            |    57 |     1 ||    58
